 Dungeon Crawl Stone Soup version 0.19.0-11-g3fc08b3 (webtiles) character file.

317 MDvedh the Caller (level 6, -1/32 HPs)
             Began as a Vine Stalker Summoner on Nov 8, 2016.
             Killed from afar by an orc wizard (8 damage)
             ... with a puff of frost
             ... on level 3 of the Dungeon.
             The game lasted 00:05:49 (3019 turns).

MDvedh the Caller (Vine Stalker Summoner)           Turns: 3019, Time: 00:05:50

Health: -1/32      AC: 10    Str: 12    XL:     6   Next: 45%
Magic:  0/10       EV:  9    Int: 15    God:
Gold:   130        SH:  0    Dex: 15    Spells: 1 memorised, 8 levels left

rFire  . . .     SeeInvis .     u - +0 flail
rCold  . . .     Gourm    .     k - +0 scale mail
rNeg   . . .     Faith    .     (no shield)
rPois  .         Spirit   +     m - +2 helmet
rElec  .         Reflect  .     (no cloak)
rCorr  .         Harm     .     g - +0 pair of gloves
MR     .....                    (no boots)
Stlth  +.........               l - amulet of magic regeneration
                                (no ring)
                                n - ring of wizardry

@: no status effects
A: fangs 2, regeneration 1, magic shield, antimagic bite, no device heal 3, rot
immunity
a: no special abilities


You were on level 3 of the Dungeon.
You were not hungry.

You visited 1 branch of the dungeon, and saw 3 of its levels.

You collected 130 gold pieces.

Inventory:

Hand Weapons
 u - a +0 flail (weapon)
Missiles
 j - a throwing net (quivered)
Armour
 g - a +0 pair of gloves (worn)
 k - a +0 scale mail (worn)
 m - a +2 helmet (worn)
Jewellery
 l - an amulet of magic regeneration (around neck)
 n - a ring of wizardry (left hand)
Wands
 f - a wand of random effects (26/48)
Scrolls
 a - a scroll of remove curse
 h - 2 scrolls of blinking
 q - a scroll of enchant weapon {unknown}
 s - a scroll of identify
 t - a scroll of amnesia {unknown}
 w - a scroll of enchant armour {unknown}
Potions
 d - 2 potions of agility
 e - a potion of invisibility
 i - a potion of berserk rage {unknown}
 p - a potion of curing
 x - a potion of haste {unknown}
Books
 b - a book of Callings

   Spells                             Type                      Level
   a - Summon Small Mammal            Summoning                    1
   b - Call Imp                       Summoning                    2
   c - Call Canine Familiar           Summoning                    3
   d - Summon Guardian Golem          Hexes/Summoning              3
   e - Summon Lightning Spire         Summoning/Air                4
   f - Summon Ice Beast               Ice/Summoning                4
Comestibles
 c - 5 bread rations
 o - a royal jelly
 r - a beef jerky
 v - 2 chunks of flesh


   Skills:
 + Level 3.0 Fighting
 * Level 3.4 Maces & Flails
 + Level 2.4 Armour
 - Level 1.5 Dodging
 - Level 2.4 Stealth
 - Level 2.1 Spellcasting
 - Level 4.0 Summonings


You had 8 spell levels left.
You knew the following spells:

 Your Spells              Type           Power        Failure   Level  Hunger
a - Summon Small Mammal   Summ           ##..         9%          1    #......


Dungeon Overview and Level Annotations

Branches:
Dungeon (3/15)

Altars:

Annotations:
D:3 1 runed door


Innate Abilities, Weirdness & Mutations

You have extremely sharp teeth.
Your natural rate of healing is unusually fast.
When hurt, damage is shared between your health and your magic reserves.
Your bite disrupts and absorbs the magic of your enemies.
Potions and wands cannot restore your health.
You are immune to rotting.


Message History

Something hits you but does no damage.
Unknown command.
You miss something. Your bite misses something.
You hear some strange, mumbled words.
A magic dart appears from out of thin air!
The magic dart hits you! The orc hits you but does no damage.
Something completely misses you.
An orc comes into view.
Unknown command.
The orc hits you.
* * * LOW HITPOINT WARNING * * *
A magic dart appears from out of thin air!
The magic dart hits you!
Unknown command.
The orc hits you.
* * * LOW HITPOINT WARNING * * *
You hear some strange, mumbled words.
A puff of frost appears from out of thin air!
The puff of frost hits you!
You die...

##### .. #...# #.#
#.#.# #.# ##.#.#
#.#
##)...############
#.#
##.###.@..o.o.....#
#.# #.##
##o#########.#
##.#####.# #.....#
#.# #........#
#.###.# #.#
#.........# #.##
#.# #.#
#.########...# #.#
#.#
###.############
#.# #.#
.............# #.#
###.#
......######.# #.#
#...#


You could see an orc priest and 2 orcs.

Vanquished Creatures
  A crimson imp (D:3)
  An orc priest (D:3)
  Natasha (thrice) (D:3)
  2 orc wizards (D:3)
  Robin (D:2)
  3 adders (D:2)
  2 worms (D:3)
  2 dart slugs (D:2)
  3 leopard geckos
  8 orcs (D:3)
  6 bats
  3 giant cockroaches
  11 goblins
  10 hobgoblins
  3 jackals (D:2)
  6 kobolds
  2 ball pythons
  8 rats
75 creatures vanquished.

Notes
Turn   | Place    | Note
-------+----------+-------------------------------------------
     0 | D:1      | MDvedh the Vine Stalker Summoner began the quest for the Orb.
     0 | D:1      | Reached XP level 1. HP: 9/9 MP: 4/4
   605 | D:1      | Reached XP level 2. HP: 14/14 MP: 6/6
   689 | D:1      | Reached skill level 1 in Maces & Flails
   727 | D:1      | Reached skill level 1 in Fighting
  1214 | D:2      | Noticed Robin
  1226 | D:2      | Reached XP level 3. HP: 11/18 MP: 7/7
  1281 | D:2      | Killed Robin
  1281 | D:2      | Reached skill level 1 in Armour
  1700 | D:2      | Gained mutation: Your natural rate of healing is unusually fast. [Vine Stalker growth]
  1700 | D:2      | Reached XP level 4. HP: 13/23 MP: 8/8
  2401 | D:3      | Reached XP level 5. HP: 26/26 MP: 9/9
  2426 | D:3      | Noticed Natasha
  2471 | D:3      | Killed Natasha
  2629 | D:3      | Found a runed door.
  2692 | D:3      | Noticed Natasha
  2700 | D:3      | Killed Natasha
  2845 | D:3      | Reached XP level 6. HP: 31/32 MP: 10/10
  2915 | D:3      | Noticed Natasha
  2919 | D:3      | Killed Natasha
  3019 | D:3      | Killed from afar by an orc wizard

Skill      XL: |  1  2  3  4  5  6 |
---------------+-------------------+-----
Maces & Flails | 1 2 3 |  3.4
Fighting       | 1 2 3 |  3.0
Armour         | 1 2 |  2.4
Dodging        | |  1.5
Stealth        | |  2.4
Spellcasting   | |  2.1
Summonings     | |  4.0

Action                   |  1- 3 |  4- 6 || total
-------------------------+-------+-------++-------
Melee: Whip              |   117 |       ||   117
       Unarmed           |     9 |       ||     9
       Bite              |    31 |    46 ||    77
       Mace              |    33 |   119 ||   152
       Flail             |       |    66 ||    66
  Use: Scroll            |       |     4 ||     4
 Stab: Sleeping          |     3 |       ||     3
  Eat: Chunk             |     3 |     4 ||     7
Armor: Robe              |    11 |       ||    11
       Scale mail        |    83 |   100 ||   183
Dodge: Dodged            |   106 |    76 ||   182
